AoeStats
← gastonace1

Arena

509970011Analyzed
1v1 RM · 5d ago on Sep 28, 2026· 38m 29s· 2 players
Game mode
Random Map
Map size
Tiny (2 player)
Population
200
Speed
Normal
Resources
Standard
Victory
Conquest
Starting age
Dark Age
Ending age
Imperial Age
RankedLock teamsTeams togetherTeam positionsShared explorationLock speedFull tech treeHidden civsTurbo modeCheats
Victory
Defeat
🇺🇸 Bohemians · United States
757
+15
🇺🇸 Goths · United States
746
-15
jorgem102
10:34 Feudal Age
16:28 Castle Age
24:46 Horse Collar
29:19 Imperial Age
26:55 Double-Bit Axe
27:16 Heavy Plow
28:03 Pikeman
28:44 Squires
28:06 Man-at-Arms
30:14 Scale Mail Armor
30:25 Forging
29:42 Long Swordsman
30:59 Bow Saw
31:23 Crop Rotation
31:08 Gold Mining
31:42 Perfusion
31:32 Two-Handed Swordsman
33:19 Chain Mail Armor
33:40 Iron Casting
33:49 Anarchy
34:41 Iron Casting
34:41 Champion
gastonace1
11:25 Feudal Age
15:58 Castle Age
13:49 Horse Collar
13:59 Double-Bit Axe
15:57 Wheelbarrow
17:18 Heavy Plow
24:31 Bow Saw
24:13 Loom
25:06 Fletching
32:41 Imperial Age
31:20 Hand Cart
30:54 Town Watch
31:32 Bodkin Arrow
33:12 Chemistry
32:34 Ballistics
32:19 Murder Holes
32:59 Wagenburg Tactics
33:22 Scale Barding Armor
34:45 Conscription
34:43 Bracer
34:55 Forging
34:46 Scale Mail Armor
35:08 Elite Hussite Wagon
Connection lost

Rejoining the realm…

Still unreachable

The connection could not be restored.

Session expired

The server has moved on; the page needs a fresh start.